 Dungeon Crawl Stone Soup version 0.30.1-11-g7821555f0a (webtiles) character file.

Game seed: 8728923130800805998

198215 bmack86 the Slayer (level 17, -1/176 HPs)
             Began as a Minotaur Fighter on Oct 30, 2023.
             Was the Champion of Okawaru.
             Slain by a demonic crawler (20 damage)
             ... on level 2 of the Spider Nest.
             The game lasted 01:15:19 (25560 turns).

bmack86 the Slayer (Minotaur Fighter)              Turns: 25560, Time: 01:15:20

Health: -1/176     AC: 34    Str: 32    XL:     17   Next: 80%
Magic:  22/22      EV:  8    Int:  7    God:    Okawaru [******]
Gold:   1795       SH: 20    Dex: 20    Spells: 16/16 levels left

rFire   + + .        W - +2 broad axe (heavy)
rCold   + + +        F - +0 tower shield
rNeg    . . .        J - +13 storm dragon scales "Laisuism" {rElec rPois rF+ Str+2}
rPois   +            T - +2 hat of the Old World {rF++ Str-3 Dex+9}
rElec   +            u - +2 cloak {Stlth+}
rCorr   .            S - +1 pair of gloves
SInv    .            z - +1 pair of boots of Egheel {rF- rC+++ Str-5 Slay+3}
Will    +....        b - amulet of regeneration Stlth
                     H - +6 ring of strength
HPRegen 1.29/turn    s - +6 ring of strength
MPRegen 0.18/turn

%: no passive effects
@: lethally poisoned (-1 -> -5), corroded
A: horns 2, retaliatory headbutt
}: 1/15 runes: decaying
a: Renounce Religion, Heroism, Finesse, Duel


You were on level 2 of the Spider Nest.
You worshipped Okawaru.
Okawaru was exalted by your worship.
You visited 6 branches of the dungeon, and saw 30 of its levels.
You also visited: Gauntlet and Ice Cave.

You collected 4255 gold pieces.
You spent 2460 gold pieces at shops.

Inventory:

Hand Weapons
 M - a +4 broad axe of flaming
 W - a +2 heavy broad axe (weapon)
Missiles
 q - a throwing net
 v - 37 boomerangs (quivered)
 D - 5 curare-tipped darts
 P - 7 silver javelins
Armour
 k - the +14 crystal plate armour of Banwairr {Dex+4 Slay+5}
   (Okawaru gifted it to you on level 1 of the Swamp)

   Dex:       It affects your dexterity (+4).
   Slay:      It affects your accuracy & damage with ranged weapons and melee
   (+5).
 u - a +2 cloak of stealth (worn)
 z - the +1 pair of boots of Egheel (worn) {rF- rC+++ Str-5 Slay+3}
   (You found it on level 4 of the Dungeon)

   Str:       It affects your strength (-5).
   Slay:      It affects your accuracy & damage with ranged weapons and melee
   (+3).
   rF:        It makes you vulnerable to fire.
   rC:        It renders you almost immune to cold.
 F - a +0 tower shield (worn)
 I - the +2 pair of gloves "Ripsah" {Will- Int+3}
   (Okawaru gifted it to you on level 4 of the Swamp)

   Int:       It affects your intelligence (+3).
   Will:      It decreases your willpower.
 J - the +13 storm dragon scales "Laisuism" (worn) {rElec rPois rF+ Str+2}
   (You bought it in a shop on level 3 of the Dungeon)

   Str:       It affects your strength (+2).
   rF:        It protects you from fire.
   rElec:     It insulates you from electricity.
   rPois:     It protects you from poison.
 S - a +1 pair of gloves (worn)
 T - the +2 hat of the Old World (worn) {rF++ Str-3 Dex+9}
   (Okawaru gifted it to you on level 1 of the Lair of Beasts)

   Str:       It affects your strength (-3).
   Dex:       It affects your dexterity (+9).
   rF:        It greatly protects you from fire.
Jewellery
 a - a +4 ring of protection
 b - an amulet of regeneration (around neck)
 h - a ring of flight
 s - a +6 ring of strength (right hand)
 E - a ring of poison resistance
 G - a +6 ring of intelligence
 H - a +6 ring of strength (left hand)
 R - the ring of Feuwot {rF+ rC+}
   (You found it in a Gauntlet)

   [ring of protection from fire]

   rF:        It protects you from fire.
   rC:        It protects you from cold.
 X - a ring of see invisible
Wands
 g - a wand of iceblast (27)
 x - a wand of polymorph (8)
 y - a wand of digging (12)
 O - a wand of flame (41)
 Q - a wand of paralysis (32)
Scrolls
 e - 13 scrolls of teleportation
 l - 2 scrolls of fear
 m - 4 scrolls of fog
 n - 2 scrolls of blinking
 r - 4 scrolls of identify
 N - a scroll of brand weapon
 U - a scroll of silence
Potions
 c - a potion of resistance
 d - 8 potions of might
 f - a potion of invisibility
 i - 4 potions of haste
 j - a potion of ambrosia
 p - 3 potions of lignification
 w - 15 potions of curing
 A - 6 potions of heal wounds
 B - 3 potions of cancellation
 C - 2 potions of flight
 L - 8 potions of mutation


   Skills:
 + Level 21.8 Fighting
 + Level 19.6 Axes
 + Level 7.2 Throwing
 * Level 18.1 Armour
 - Level 15.0 Shields
 - Level 8.0 Invocations


You had 16 spell levels left.
You didn't know any spells.
Your spell library contained the following spells:

 Spells                   Type           Power      Damage    Failure   Level
 Beastly Appendage        Tmut           0%         N/A       94%         1
 Freeze                   Ice            0%         1d3       94%         1
 Kiss of Death            Conj/Necr      0%         2d5       94%         1
 Sandblast                Erth           0%         2d4       94%         1
 Shock                    Conj/Air       0%         1d3       94%         1
 Blink                    Tloc           0%         N/A       98%         2
 Cigotuvi's Dreadful Rot  Necr/Pois/Air  0%         N/A       98%         2
 Lesser Beckoning         Tloc           0%         N/A       98%         2
 Momentum Strike          Conj/Tloc      0%         3d8       98%         2
 Wereblood                Tmut           0%         N/A       98%         2
 Confusing Touch          Hex            0%         N/A       100%        3
 Dazzling Flash           Conj/Hex       0%         N/A       100%        3
 Frozen Ramparts          Ice            0%         1d1       100%        3
 Gell's Gravitas          Tloc           0%         N/A       100%        3
 Hailstorm                Conj/Ice       0%         3d3       100%        3
 Spider Form              Tmut/Pois      0%         N/A       100%        3
 Stone Arrow              Conj/Erth      0%         3d7       100%        3
 Swiftness                Air            0%         N/A       100%        3
 Teleport Other           Tloc           0%         N/A       100%        3
 Vhi's Electric Charge    Tloc/Air       0%         N/A       100%        3
 Airstrike                Air            0%         2d(0-16)  100%        4
 Dispel Undead            Necr           0%         3d6       100%        4
 Ice Form                 Ice/Tmut       0%         N/A       100%        4
 Olgreb's Toxic Radiance  Pois           0%         N/A       100%        4
 Passage of Golubria      Tloc           0%         N/A       100%        4
 Petrify                  Tmut/Erth      0%         N/A       100%        4
 Agony                    Necr           0%         N/A       100%        5
 Arcjolt                  Conj/Air       0%         1d10      100%        5
 Silence                  Hex/Air        0%         N/A       100%        5
 Yara's Violent Unravell  Hex/Tmut       0%         3d3       100%        5
 Conjure Ball Lightning   Conj/Air       0%         3x3d6     100%        6
 Dispersal                Tloc           0%         N/A       100%        6
 Discord                  Hex            0%         N/A       100%        8
 Disjunction              Tloc           0%         N/A       100%        8
 Ignition                 Fire           0%         3d3       100%        8
 Maxwell's Capacitive Co  Air            0%         ∞         100%        8
 Shatter                  Erth           0%         3d5*      100%        9
 Tukima's Dance           Hex            Unusable   N/A       N/A         3
 Death Channel            Necr           Unusable   N/A       N/A         6
 Simulacrum               Ice/Necr       Unusable   N/A       N/A         6

Dungeon Overview and Level Annotations

Branches:
Dungeon (15/15)            Temple (1/1) D:7            Lair (5/5) D:9
  Swamp (4/4) Lair:3       Spider (3/4) Lair:3        Slime (0/5) Lair:5
    Orc (2/2) D:12            Elf (0/3) Orc:2        Vaults (0/5) D:14
 Depths (0/4) D:15          IceCv (visited)         Gauntlet (visited)

Altars:
Ashenzari
Cheibriados
Elyvilon
Fedhas
Gozag
Hepliaklqana
Kikubaaqudgha
Makhleb
Okawaru
Qazlal
Ru
Sif Muna
Trog
Uskayaw
Vehumet
Wu Jian
Xom
Yredelemnul
Zin
The Shining One
Jiyva
Lugonu

Shops:
D:3 [   D:4 =   D:13 *   Orc:2 *[=(

Portals:
Abyss: Lair:5


Innate Abilities, Weirdness & Mutations

You have a pair of horns on your head.
You reflexively headbutt those who attack you in melee.


Message History

The demonic crawler hits you!
* * * LOW HITPOINT WARNING * * *
The demonic crawler completely misses you.
You climb upwards.
You feel extremely sick.
There is a stone staircase leading down here.
You feel much better.
You feel very sick. You block the wolf spider's attack. x2
The emperor scorpion stings you but does no damage.
You block the emperor scorpion's attack.
The emperor scorpion barely misses you.
The moth of wrath goads the demonic crawler on!
The demonic crawler goes berserk!
The moth of wrath goads the wolf spider on!
The wolf spider goes berserk!
The demonic crawler hits you but does no damage.
The demonic crawler hits you!
* * * LOW HITPOINT WARNING * * *
You block the demonic crawler's attack. The wolf spider hits you!
* * * LOW HITPOINT WARNING * * *
The wolf spider bites you but does no damage.
The emperor scorpion stings you but does no damage.
The emperor scorpion claws you but does no damage. x2
You feel much better.
You feel very sick. You block the demonic crawler's attack.
The demonic crawler barely misses you. You block the demonic crawler's attack.
The wolf spider hits you!
* * * LOW HITPOINT WARNING * * *
The wolf spider bites you.
* * * LOW HITPOINT WARNING * * *
The emperor scorpion stings you!
* * * LOW HITPOINT WARNING * * *
You block the emperor scorpion's attack.
The emperor scorpion barely misses you.
The moth of wrath bites you but does no damage.
The wolf spider hits you but does no damage.
The wolf spider bites you but does no damage.
The demonic crawler hits you!!
You die...

##......# #......##
#.......# ##<.....#
# #...#..# # #####
#####..## #
#.^.###††.....## ##
#..ys..........####.
#.s@s...............
#########.......####
#.......# ##......#
###...## #####


You could see an emperor scorpion (berserk), a demonic crawler (berserk), a wolf
spider (berserk) and a moth of wrath.

Vanquished Creatures
  The ghost of fitz the Warrior, an adept HOFi of Hepliaklqana (Swamp:3)
  Asterion (Arena)
  3 thorn hunters (Swamp:4)
  An emperor scorpion (Spider:1)
  A frost giant (IceCv)
  Aizul (Spider:2)
  An orc warlord (Orc:1)
  A hydra skeleton (Swamp:4)
  A vampire knight (Swamp:4)
  2 eleionomae
  A minotaur (Gauntlet)
  2 dire elephants
  A bunyip (Swamp:3)
  A shambling mangrove (Swamp:4)
  An ettin (D:12)
  3 entropy weavers
  13 hydras
  A jorogumo (Spider:2)
  6 centaur warriors
  2 ice dragons (D:12)
  A radroach (Spider:2)
  The ghost of lonewolfV2 the End of an Era, a journeyman DsFi of Qazlal (D:12)
  A vault guard (D:14)
  3 catoblepae
  An ogre mage (Orc:1)
  12 death yaks
  8 alligators
  4 boulder beetles
  A tengu warrior (D:13)
  5 two-headed ogres
  3 thrashing horrors (Lair:5)
  6 orc high priests
  A deep troll earth mage (D:12)
  A large abomination (Lair:5)
  A sun moth (Spider:2)
  2 goliath frogs
  A skyshark (Lair:2)
  A death drake (shapeshifter) (D:13)
  A death drake (Swamp:4)
  6 skeletal warriors
  5 pharaoh ants
  4 spriggan druids
  7 orb spiders
  5 bog bodies
  4 spectral hydras (Swamp:4)
  3 steelbarb worms (Spider:2)
  A phantasmal warrior (Swamp:4)
  9 swamp dragons
  Pikel (D:4)
  3 orc knights
  9 wolf spiders
  12 ugly things
  A necromancer (D:15)
  2 orc sorcerers
  4 oklob plants
  A shining eye (Gauntlet)
  A shining eye (shapeshifter) (Lair:5)
  A will-o-the-wisp (Swamp:4)
  2 deep elf pyromancers
  4 cyclopes
  3 moths of wrath
  Maurice (Orc:2)
  23 elephants
  4 demonic crawlers
  2 naga magi (D:15)
  3 manticores
  3 black mambas
  5 torpor snails
  The ghost of kaesle the Trooper, a novice HOFi (D:5)
  A centaur skeleton (D:15)
  An ice statue (IceCv)
  A smoke demon (Lair:5)
  3 gargoyles
  7 cane toads
  2 unseen horrors
  12 rime drakes
  An efreet (D:12)
  A minotaur zombie (Gauntlet)
  11 komodo dragons
  A redback zombie (D:15)
  3 ancient zymes (Lair:5)
  4 hydra zombies (Swamp:4)
  3 tengu conjurers
  3 meliai (D:15)
  2 death drake zombies (Swamp:4)
  6 trolls
  9 tarantellas
  A queen bee (shapeshifter) (D:13)
  6 polar bears
  A troll (shapeshifter) (Lair:5)
  21 blink frogs
  5 tyrant leeches
  15 hornets
  14 dream sheep
  A raiju (Gauntlet)
  3 death drake skeletons (Swamp:4)
  9 small abominations (Lair:5)
  A centaur simulacrum (D:15)
  11 culicivoras
  25 jumping spiders
  18 slime creatures
  3 shadows
  13 spriggans
  7 wraiths
  53 yaks
  A spriggan (shapeshifter) (D:14)
  3 wyverns
  Eustachio (D:6)
  8 basilisks
  A golden eye (Gauntlet)
  A basilisk (shapeshifter) (Lair:5)
  2 steam dragons
  36 redbacks
  12 vampire mosquitoes
  3 chaos spawn (Lair:5)
  5 wargs (Orc:2)
  11 water moccasins
  2 hydra simulacra (Swamp:4)
  20 swamp worms
  An acid dragon (D:12)
  A floating eye (Gauntlet)
  3 swamp drakes
  A hornet zombie (D:15)
  11 ice beasts
  37 orc warriors
  2 sky beasts
  3 black bears
  2 swamp dragon zombies (Swamp:4)
  27 wolves
  15 ogres
  A swamp dragon skeleton (Swamp:4)
  11 centaurs
  2 phantoms
  A kobold brigand (D:8)
  The ghost of Morowski the Conjurer, an amateur TeCj (D:3)
  Blork the orc (D:4)
  5 bullfrogs
  2 gnoll sergeants
  3 scorpions
  A hornet simulacrum (D:14)
  6 killer bees (D:9)
  3 howler monkeys
  14 orc priests
  Crazy Yiuf (D:5)
  4 hounds
  4 jellies
  Jessica (D:3)
  Ijyb (D:3)
  2 iguanas
  29 orc wizards
  19 gnolls
  A river rat (D:3)
  4 adders
  2 shadow imps (D:8)
  3 white imps
  2 ufetubi
  5 worms
  82 orcs
  6 endoplasms
  4 giant cockroaches
  7 goblins
  3 hobgoblins
  7 jackals
  2 quokkas (D:1)
  11 ball pythons
  3 bats
  3 frilled lizards
  11 kobolds
  6 rats
  2 spectral weapons (Arena)
991 creatures vanquished.

Vanquished Creatures (others)
  A vampire knight (Swamp:4)
  2 bloated husks
  A swamp drake (Swamp:4)
  An orc (D:12)
  9 foxfires (Swamp:4)
14 creatures vanquished.

Grand Total: 1005 creatures vanquished

Notes
Turn   | Place    | Note
-------+----------+-------------------------------------------
     0 | D:1      | bmack86 the Minotaur Fighter began the quest for the Orb.
     0 | D:1      | Reached XP level 1. HP: 19/19 MP: 0/0
    71 | D:1      | You fall into a shaft and drop 1 floor!
   187 | D:1      | Reached XP level 2. HP: 26/26 MP: 1/1
   764 | D:2      | Reached XP level 3. HP: 31/31 MP: 2/2
   775 | D:2      | Found a faded altar of an unknown god.
  1065 | D:2      | Found a burning altar of Makhleb.
  1072 | D:2      | Reached XP level 4. HP: 39/39 MP: 3/3
  1271 | D:3      | Noticed an ogre
  1280 | D:3      | Found Vucvof's Antique Armour Boutique.
  1287 | D:3      | Killed an ogre
  1288 | D:3      | Reached skill level 5 in Armour
  1288 | D:3      | Reached skill level 5 in Shields
  1288 | D:3      | Reached XP level 5. HP: 43/45 MP: 4/4
  1304 | D:3      | Bought an embroidered cloak for 112 gold pieces
  1639 | D:3      | Noticed Ijyb
  1639 | D:3      | Paralysed by Ijyb for 3 turns
  1652 | D:3      | Paralysed by Ijyb for 3 turns
  1658 | D:3      | Killed Ijyb
  1700 | D:3      | Noticed Jessica
  1704 | D:3      | Reached skill level 5 in Axes
  1704 | D:3      | Reached XP level 6. HP: 51/51 MP: 5/5
  1721 | D:3      | Killed Jessica
  1735 | D:3      | Found a runed translucent door.
  1754 | D:3      | Noticed Morowski's ghost (amateur TeCj)
  1790 | D:3      | Found a runed translucent door.
  1843 | D:3      | Killed Morowski's ghost
  2223 | D:4      | Identified the +1 pair of boots of Egheel {rF- rC+++ Str-5
                  | Slay+3}
  2653 | D:4      | Reached XP level 7. HP: 55/57 MP: 6/6
  2697 | D:4      | Noticed Pikel
  2705 | D:4      | Killed Pikel
  2727 | D:4      | Reached XP level 8. HP: 61/64 MP: 7/7
  3267 | D:4      | Found Wuggul's Jewellery Boutique.
  3267 | D:4      | Noticed Blork the orc
  3276 | D:4      | Killed Blork the orc
  3402 | D:5      | Entered Level 5 of the Dungeon
  3487 | D:5      | Found a stormy altar of Qazlal.
  3732 | D:6      | Reached skill level 10 in Armour
  3743 | D:6      | Found a sacrificial altar of Ru.
  3746 | D:6      | Noticed Eustachio
  3762 | D:6      | Killed Eustachio
  3763 | D:6      | Reached XP level 9. HP: 70/70 MP: 8/8
  3768 | D:6      | Reached skill level 10 in Axes
  4683 | D:7      | Found a staircase to the Ecumenical Temple.
  4698 | Temple   | Entered the Ecumenical Temple
  4741 | Temple   | Became a worshipper of Warmaster Okawaru
  5303 | D:5      | Identified a scroll of acquirement
  5304 | D:5      | Acquired the +9 plate armour of the Blind Marksman {rN++
                  | Int-3}
  5570 | D:5      | Found a runed translucent door.
  5571 | D:5      | Noticed Crazy Yiuf
  5576 | D:5      | Killed Crazy Yiuf
  5787 | D:5      | Found a large runed translucent door.
  5787 | D:5      | Found a large runed translucent door.
  5791 | D:5      | Noticed kaesle's ghost (novice HOFi)
  5812 | D:5      | Killed kaesle's ghost
  5900 | D:7      | Reached * piety under Okawaru
  5917 | D:7      | Noticed a skeletal warrior
  5931 | D:7      | Killed a skeletal warrior
  5932 | D:7      | Reached XP level 10. HP: 59/77 MP: 8/11
  5947 | D:7      | Noticed a skeletal warrior
  5961 | D:7      | Killed a skeletal warrior
  5961 | D:7      | Reached ** piety under Okawaru
  6002 | D:7      | Noticed a skeletal warrior
  6101 | D:7      | Noticed a skeletal warrior
  6109 | D:7      | Killed a skeletal warrior
  6112 | D:7      | Noticed a skeletal warrior
  6141 | Temple   | Killed a skeletal warrior
  6286 | D:7      | Killed a skeletal warrior
  6287 | D:7      | Reached skill level 5 in Invocations
  6573 | D:8      | Reached *** piety under Okawaru
  6925 | D:4      | Bought an amulet of regeneration for 300 gold pieces
  7759 | D:9      | Reached **** piety under Okawaru
  7761 | D:9      | Reached XP level 11. HP: 80/82 MP: 14/14
  7763 | D:9      | Reached skill level 15 in Axes
  7783 | D:9      | Found a staircase to the Lair.
  8174 | D:10     | Entered Level 10 of the Dungeon
  8347 | D:10     | Reached ***** piety under Okawaru
  8349 | D:10     | Noticed a skeletal warrior
  8349 | D:10     | Found the +5 scythe "Finisher" {speed, execute}
  8357 | D:10     | Killed a skeletal warrior
  8552 | D:10     | Noticed a boulder beetle
  8571 | D:10     | Killed a boulder beetle
  8666 | D:10     | Acquired 1220 gold pieces
  8669 | D:10     | Found a hazy altar of Hepliaklqana.
  8671 | D:10     | Found a bloodstained altar of Trog.
  9065 | D:3      | Bought dazzling storm dragon scales for 1275 gold pieces
  9065 | D:3      | Identified the +13 storm dragon scales "Laisuism" {rElec
                  | rPois rF+ Str+2} (You bought it in a shop on level 3 of the
                  | Dungeon)
  9237 | Lair:1   | Entered Level 1 of the Lair of Beasts
  9405 | Lair:1   | Received a gift from Okawaru
  9433 | Lair:1   | Reached XP level 12. HP: 81/90 MP: 14/17
  9466 | Lair:1   | Found a gate leading to a gauntlet.
  9506 | Gauntlet | Entered a Gauntlet
  9506 | Gauntlet | Found a transporter.
  9519 | Gauntlet | Found a transporter.
  9535 | Gauntlet | Found a transporter.
  9543 | Gauntlet | Found a transporter.
  9554 | Gauntlet | Noticed a dire elephant
  9563 | Gauntlet | Found a transporter.
  9581 | Gauntlet | Found a transporter.
  9592 | Gauntlet | Noticed a dire elephant
  9593 | Gauntlet | Found a transporter.
  9605 | Gauntlet | Found a transporter.
  9608 | Gauntlet | Noticed a green death
  9615 | Gauntlet | Noticed a hell beast
  9620 | Gauntlet | Found a transporter.
  9628 | Gauntlet | Noticed a death scarab
  9629 | Gauntlet | Found a transporter.
  9630 | Gauntlet | Noticed a death scarab
  9635 | Gauntlet | Found a transporter.
  9635 | Gauntlet | Found a transporter.
  9665 | Gauntlet | Found a transporter.
  9725 | Gauntlet | Found a transporter.
  9813 | Gauntlet | Found a transporter.
  9817 | Gauntlet | Found a transporter.
  9855 | Gauntlet | Found a transporter.
 10011 | Gauntlet | Found a transporter.
 10191 | Gauntlet | Reached skill level 4 in Fighting
 10261 | Gauntlet | Killed a dire elephant
 10321 | Gauntlet | Noticed a minotaur
 10328 | Gauntlet | Killed a minotaur
 10328 | Gauntlet | Identified the +3 hand axe of Compulsion {flame, rElec rN++
                  | Str-3} (Okawaru gifted it to you in a Gauntlet)
 10328 | Gauntlet | Received a gift from Okawaru
 10329 | Gauntlet | Reached skill level 5 in Fighting
 10367 | Gauntlet | Identified the staff of fire "Woasmewu" {rElec rF+ Int+2}
 10367 | Gauntlet | Identified the ring of Feuwot {rF+ rC+}
 10617 | Lair:1   | Reached skill level 6 in Fighting
 10654 | Lair:1   | You fall into a shaft and drop 1 floor!
 10808 | Lair:1   | Reached skill level 7 in Fighting
 11011 | Lair:1   | Identified the +2 hat of the Old World {rF++ Str-3 Dex+9}
                  | (Okawaru gifted it to you on level 1 of the Lair of Beasts)
 11011 | Lair:1   | Received a gift from Okawaru
 11012 | Lair:1   | Reached skill level 8 in Fighting
 11077 | Lair:1   | Noticed an alligator
 11077 | Lair:1   | Noticed an alligator
 11086 | Lair:1   | Reached skill level 9 in Fighting
 11087 | Lair:1   | Killed an alligator
 11090 | Lair:1   | Killed an alligator
 11366 | Lair:2   | Reached skill level 10 in Fighting
 11371 | Lair:2   | Noticed a four-headed hydra
 11379 | Lair:2   | Killed a two-headed hydra
 11532 | Lair:2   | Reached XP level 13. HP: 114/114 MP: 18/18
 12053 | Lair:3   | Reached skill level 11 in Fighting
 12089 | Lair:3   | Noticed a dire elephant
 12092 | Lair:3   | Identified the +0 cloak of Imats {Dex+2} (Okawaru gifted it
                  | to you on level 3 of the Lair of Beasts)
 12092 | Lair:3   | Received a gift from Okawaru
 12105 | Lair:3   | Killed a dire elephant
 12131 | Lair:3   | Reached skill level 12 in Fighting
 12191 | Lair:3   | Found a staircase to the Swamp.
 12338 | Lair:3   | Reached ****** piety under Okawaru
 12358 | Lair:3   | Found a hole to the Spider Nest.
 12460 | Lair:3   | Reached skill level 13 in Fighting
 13034 | Lair:4   | Reached skill level 15 in Armour
 13364 | Lair:4   | Reached skill level 14 in Fighting
 13815 | Lair:5   | Entered Level 5 of the Lair of Beasts
 13819 | Lair:5   | Received a gift from Okawaru
 14033 | Lair:5   | Reached skill level 15 in Fighting
 14044 | Lair:5   | Reached XP level 14. HP: 91/135 MP: 19/19
 14226 | Lair:5   | Reached skill level 16 in Fighting
 14294 | Lair:5   | Found a viscous altar of Jiyva.
 14294 | Lair:5   | Found a staircase to the Slime Pits.
 14763 | Lair:5   | Identified the +1 scale mail "Adekh" {Harm Str+3 SInv}
                  | (Okawaru gifted it to you on level 5 of the Lair of Beasts)
 14763 | Lair:5   | Received a gift from Okawaru
 14796 | Lair:5   | Found a corrupted altar of Lugonu.
 14796 | Lair:5   | Found a one-way gate to the infinite horrors of the Abyss.
 14815 | Lair:5   | Got the Exposition on Orogeny
 15695 | D:12     | Reached skill level 17 in Fighting
 15708 | D:12     | Reached skill level 10 in Shields
 15823 | D:12     | Found a frozen archway.
 15836 | IceCv    | Entered an ice cave
 15978 | IceCv    | Identified the +0 robe of Defence {rN+ Dex+4} (Okawaru
                  | gifted it to you in an ice cave)
 15978 | IceCv    | Received a gift from Okawaru
 15979 | IceCv    | Reached XP level 15. HP: 123/147 MP: 20/20
 16023 | IceCv    | Noticed a frost giant
 16043 | IceCv    | Killed a frost giant
 16853 | D:12     | Found a runed translucent gate.
 16855 | D:12     | Found a runed translucent gate.
 16855 | D:12     | Identified the +5 chain mail of Undesirable Species {rN+}
 16855 | D:12     | Noticed lonewolfV2's ghost (journeyman DsFi)
 16856 | D:12     | Found a runed translucent gate.
 16880 | D:12     | Reached skill level 18 in Fighting
 16892 | D:12     | Killed lonewolfV2's ghost
 16916 | D:12     | Identified the -1 pair of gloves of Complete Protection
                  | {Dex+3}
 16917 | D:12     | Identified the +7 flail "Oqol" {heavy, rC+ Dex+3}
 17190 | D:12     | Found a staircase to the Orcish Mines.
 17199 | Orc:1    | Entered Level 1 of the Orcish Mines
 17702 | Orc:2    | Entered Level 2 of the Orcish Mines
 17849 | Orc:1    | Received a gift from Okawaru
 17884 | Orc:2    | Found Vudyseon's General Store.
 17908 | Orc:2    | Noticed Maurice
 17923 | Orc:2    | Killed Maurice
 17930 | Orc:2    | Found a staircase to the Elven Halls.
 18035 | Orc:2    | Found Sefamae's Jewellery Shoppe.
 18279 | Orc:2    | Found Mexzyj's Antique Armour Boutique.
 18424 | Orc:2    | Found Muutt's Antique Weapon Boutique.
 18444 | Orc:2    | Bought a glowing broad axe for 168 gold pieces
 18739 | D:13     | Reached skill level 15 in Shields
 18778 | D:13     | Found a white marble altar of Elyvilon.
 18926 | D:13     | Reached skill level 19 in Fighting
 18953 | D:13     | Found Japn's Assorted Antiques.
 18969 | D:13     | Bought 3 scrolls of enchant weapon for 495 gold pieces
 18969 | D:13     | Bought a potion of heal wounds for 110 gold pieces
 19528 | D:14     | Received a gift from Okawaru
 19593 | D:14     | Reached XP level 16. HP: 133/162 MP: 21/21
 19657 | D:14     | Found a blossoming altar of Fedhas.
 19897 | D:14     | Found a gate to the Vaults.
 20033 | D:15     | Entered Level 15 of the Dungeon
 20137 | D:15     | Reached skill level 20 in Fighting
 20184 | D:15     | Reached skill level 1 in Throwing
 20267 | D:15     | Found a stormy altar of Qazlal.
 20636 | D:15     | Found a staircase to the Depths.
 20642 | D:15     | Received a gift from Okawaru
 20913 | Swamp:1  | Entered Level 1 of the Swamp
 20926 | Swamp:1  | Identified the +14 crystal plate armour of Banwairr {Dex+4
                  | Slay+5} (Okawaru gifted it to you on level 1 of the Swamp)
 20926 | Swamp:1  | Received a gift from Okawaru
 22185 | Swamp:3  | Found a large runed translucent door.
 22186 | Swamp:3  | Found a large runed translucent door.
 22201 | Swamp:3  | Noticed fitz's ghost (adept HOFi)
 22226 | Swamp:3  | Killed fitz's ghost
 22503 | Swamp:4  | Entered Level 4 of the Swamp
 22511 | Swamp:4  | Reached skill level 21 in Fighting
 22744 | Swamp:4  | Received a gift from Okawaru
 22785 | Arena    | Entered the Arena
 22811 | Swamp:4  | Noticed a thorn hunter
 22812 | Arena    | Entered the Arena
 22843 | Swamp:4  | Reached skill level 5 in Throwing
 22848 | Swamp:4  | Killed a thorn hunter
 22852 | Swamp:4  | Reached XP level 17. HP: 152/173 MP: 13/22
 22897 | Swamp:4  | Identified the +2 pair of gloves "Ripsah" {Will- Int+3}
                  | (Okawaru gifted it to you on level 4 of the Swamp)
 22897 | Swamp:4  | Received a gift from Okawaru
 23032 | Swamp:4  | Found a basalt altar of Yredelemnul.
 23048 | Swamp:4  | Got a decaying rune of Zot
 23073 | Swamp:4  | Found a blossoming altar of Fedhas.
 23474 | Spider:1 | Entered Level 1 of the Spider Nest
 23523 | Spider:1 | Identified the +4 ring mail of Indecent Exposure {Harm
                  | Rampage Dex-3}
 24516 | Spider:2 | Noticed Aizul
 24525 | Spider:2 | Killed Aizul
 24841 | Spider:2 | Received a gift from Okawaru
 25011 | Spider:2 | Noticed Asterion
 25019 | Arena    | Entered the Arena
 25024 | Arena    | Killed Asterion
 25552 | Spider:3 | Identified the +0 robe "Fibeotyu" {Int+3 Stlth+} (Okawaru
                  | gifted it to you on level 3 of the Spider Nest)
 25552 | Spider:3 | Received a gift from Okawaru
 25560 | Spider:2 | Slain by a demonic crawler

Illustrated notes

Levels and vault maps discovered:
D:1:      minmay_arrival_diagonal_passages, layout_basic,
          kennysheep_pointless_box, minmay_misc_feat_doors
D:2:      layout_basic, basic_altar, ebering_ecumenical_altar_petrified,
          minmay_indecisive_spiral
D:3:      layout_loops_ring, ebering_ghost_sewer_f, serial_shops, shop,
          uniq_jessica, uniq_ijyb
D:4:      layout_basic, serial_shops, kennysheep_little_box, st_stairs_7,
          uniq_pikel, uniq_blork_the_orc
D:5:      layout_layer_cave, lemuel_tele_altar, ebering_ghost_disaster_area,
          uniq_crazy_yiuf_cottage
D:6:      layout_loops_cross, old_standard_altar,
          minmay_a_box_with_orc_wizards_in_it, uniq_eustachio
D:7:      layout_basic, temple_pool_b
D:8:      layout_basic
D:9:      layout_roguey, hellmonk_lair_entry_icy
D:10:     layout_roguey, nicolae_overflow_hidden_temple,
          minmay_guarded_unrand_finisher
D:11:     layout_gridville
D:12:     minmay_chopped_fan, layout_long_grid, david_orc_4,
          biasface_ghost_orc_armoury, portal_ice_cave_rime,
          kennysheep_generic_room_6
D:13:     layout_long_grid, serial_shops, shop, nicolae_elyvilon_peaceful_grove
D:14:     layout_cave_pools, david_vaults_5, fedhas_altar_2
D:15:     grunt_enter_depths_magical_seal, layout_loops_ring,
          nicolae_qazlal_general_emergency, drop_trap
Temple:   nicolae_temple_superstar
Lair:1:   layout_regular_city, gauntlet_entry_generic,
          nicolae_lair_lakeside_cave, grunt_megastairs_1
Lair:2:   layout_regular_city
Lair:3:   mu_elephants_graveyard, layout_regular_city, minmay_swamp_entry_worms,
          spider_nest_entry_webs, serial_bayou_shore_b
Lair:4:   layout_regular_city, serial_bayou_pond_b, grunt_megastairs_3
Lair:5:   hellmonk_lair_end_abyssal_woods, layout_long_grid,
          dpeg_slime_entry_corner
Swamp:1:  layout_falls_marsh, nicolae_swamp_fairy_circle
Swamp:2:  layout_falls_marsh, nicolae_swamp_well_well_well
Swamp:3:  layout_basic_swamp, ebering_ghost_disaster_area, serial_swamp_ruin,
          evilmike_swamp_ruin_house_2, evilmike_swamp_ruin_house_5
Swamp:4:  byrel_swamp_growth_death_and_undeath, layout_basic_swamp, swamp_pool2,
          infiniplex_staircase_pool
Spider:1: layout_spider_delve, drop_trap
Spider:2: layout_cave_pods, uniq_aizul, uniq_asterion
Spider:3: layout_spider_delve
Orc:1:    layout_diamond_mine, nicolae_orc_tapped_out
Orc:2:    grunt_orc_gardens, layout_caves, grunt_orc_garden, grunt_orc_garden,
          grunt_orc_garden, grunt_orc_garden, uniq_maurice

Skill      XL: |  1  2  3  4  5  6  7  8  9 10 11 12 13 14 15 16 17 |
---------------+----------------------------------------------------+-----
Shields        | 4 5 11 15 | 15.0
Axes           | 3 4 5 6 7 9 12 14 17 18 19 | 19.6
Armour         | 4 5 6 8 10 11 13 15 16 18 | 18.1
Invocations    | 3 5 8 |  8.0
Fighting       | 10 15 17 19 21 | 21.8
Throwing       | 5 7 |  7.2

Action                     |  1- 3 |  4- 6 |  7- 9 | 10-12 | 13-15 | 16-18 || total
---------------------------+-------+-------+-------+-------+-------+-------++-------
  Melee: War axe           |    59 |   117 |   182 |   272 |       |       ||   630
         Headbutt          |    10 |    15 |    32 |    78 |   216 |   163 ||   514
         Hand axe          |       |     1 |       |       |       |       ||     1
         Broad axe         |       |       |       |   108 |   831 |   648 ||  1587
  Throw: Boomerang         |       |       |       |     2 |       |     6 ||     8
 Invoke: Heroism           |       |       |     1 |     7 |     5 |     3 ||    16
         Finesse           |       |       |       |     1 |     2 |     1 ||     4
         Duel              |       |       |       |       |       |     3 ||     3
    Use: Scroll            |     3 |     5 |     8 |    13 |    10 |     1 ||    40
         Potion            |       |       |       |     1 |       |     3 ||     4
 Armour: Scale mail        |     4 |       |       |       |       |       ||     4
         Plate armour      |    46 |    51 |    77 |   142 |       |       ||   316
         Storm dragon scal |       |       |       |   152 |   784 |   701 ||  1637
  Dodge: Dodged            |    39 |    71 |   107 |   136 |   366 |   245 ||   964
  Block: Buckler           |    15 |    28 |    56 |    84 |   269 |       ||   452
         Tower shield      |       |       |       |       |    50 |   956 ||  1006
